 Dungeon Crawl Stone Soup version 0.29.1-13-g9f3cf754e1 (webtiles) character file.

Game seed: 3869574505327522259

139880 DemonSlayer the Thaumaturge (level 16, -13/111 HPs)
             Began as a Demonspawn Earth Elementalist on Feb 4, 2023.
             Was the Champion of Vehumet.
             Killed from afar by a will-o-the-wisp (23 damage)
             ... with a foxfire
             ... on level 4 of the Swamp.
             The game lasted 01:47:00 (35193 turns).

DemonSlayer the Thaumaturge (DsEE)                 Turns: 35193, Time: 01:47:00

Health: -13/111    AC: 18    Str: 16    XL:     16   Next: 74%
Magic:  22/34      EV: 21    Int: 21    God:    Vehumet [******]
Gold:   2668       SH:  0    Dex: 14    Spells: 4/44 levels left

rFire   . . .      SeeInvis .   L - +11 demon blade of True Grit {venom, rPois Int+4}
rCold   + . .      Faith    .   b - +4 kite shield {reflect}
rNeg    . . .      Spirit   .   C - +0 troll leather armour
rPois   +          Reflect  +   P - +2 hat {Stlth+}
rElec   .          Harm     .   g - +2 cloak {rCorr}
rCorr   +          Rampage  .   (gloves unavailable)
Will    +....      Rage     3%  (no boots)
Stlth   ++........              x - amulet of magic regeneration
HPRegen 1.08/turn               n - +4 ring of protection
MPRegen 0.64/turn               E - ring of the Hare {EV+8}

@: confused, mighty, ambrosia-drunk
A: icy blue scales 3, foul stench 2, powered by death 2, demonic touch 3,
berserk 1, poison resistance
a: Renounce Religion


You were on level 4 of the Swamp.
You worshipped Vehumet.
Vehumet was exalted by your worship.
You visited 5 branches of the dungeon, and saw 27 of its levels.
You also visited: Sewer, Bailey, Gauntlet and Ice Cave.

You collected 3209 gold pieces.
You spent 541 gold pieces at shops.

Inventory:

Hand Weapons
 L - the +11 demon blade of True Grit (weapon) {venom, rPois Int+4}
   (You took it off a minotaur in a Gauntlet)

   It poisons the flesh of those it strikes.
   Int:       It affects your intelligence (+4).
   rPois:     It protects you from poison.
 T - the +6 falchion of Ninioseo {protect, rC+ MP+9}
   (You found it on level 15 of the Dungeon)

   It grants its wielder temporary protection when it strikes (+7 to AC).
   rC:        It protects you from cold.
   MP:        It affects your magic capacity (+9).
Missiles
 k - a boomerang of dispersal
 J - 11 curare-tipped darts
Armour
 b - a +4 kite shield of reflection (worn)
 g - a +2 cloak of preservation (worn)
 C - a +0 troll leather armour (worn)
 P - a +2 hat of stealth (worn)
 Q - a +2 robe of fire resistance
Jewellery
 n - a +4 ring of protection (left hand)
 x - an amulet of magic regeneration (around neck)
 y - a ring of flight
 E - the ring of the Hare (right hand) {EV+8}
   (You found it in a Gauntlet)

   [ring of evasion]

   EV:        It affects your evasion (+8).
 G - a +4 ring of evasion
 M - a ring of resist corrosion
 R - a ring of see invisible
Wands
 o - a wand of flame (39)
 s - a wand of iceblast (39)
 z - a wand of mindburst (40)
 I - a wand of paralysis (39)
 S - a wand of digging (2)
Scrolls
 d - 4 scrolls of immolation
 l - 2 scrolls of amnesia
 p - 2 scrolls of vulnerability
 q - 3 scrolls of poison
 t - 2 scrolls of silence
 u - 14 scrolls of teleportation
 N - a scroll of summoning {unknown}
 O - a scroll of blinking {unknown}
 U - a scroll of fear
 V - 2 scrolls of fog
Potions
 a - 2 potions of lignification
 c - a potion of invisibility
 e - a potion of ambrosia
 f - 3 potions of brilliance
 i - 5 potions of flight
 r - 6 potions of curing
 v - 5 potions of might
 w - 6 potions of mutation
 B - 6 potions of magic
 H - 2 potions of attraction
Miscellaneous
 j - a phantom mirror (inert)
 F - a condenser vane (inert)
 K - a phial of floods


   Skills:
 + Level 5.8 Fighting
 + Level 7.2 Long Blades
 + Level 1.2(1.4) Axes
 + Level 1.1(1.4) Maces & Flails
 + Level 2.1 Throwing
 + Level 4.4 Armour
 + Level 7.4 Dodging
 + Level 5.7 Stealth
 + Level 7.6 Shields
 + Level 14.7 Spellcasting
 + Level 13.6 Conjurations
 + Level 1.7 Translocations
 + Level 1.3 Transmutations
 + Level 0.3 Fire Magic
 + Level 1.2 Air Magic
 + Level 14.3 Earth Magic
 + Level 1.1 Poison Magic
 + Level 1.3 Evocations


You had 4 spell levels left.
You knew the following spells:

 Your Spells              Type           Power      Damage    Failure   Level
a - Iron Shot             Conj/Erth      32%        9d7       1%          6
c - Blink                 Tloc           44%        N/A       9%          2
d - Ignite Poison         Fire/Tmut/Pois 19%        N/A       7%          3
e - Mephitic Cloud        Conj/Pois/Air  37%        N/A       1%          3
f - Petrify               Tmut/Erth      48%        N/A       4%          4
g - Passwall              Tmut/Erth      40%        N/A       1%          2
h - Dispel Undead         Necr           15%        3d10      75%         4
i - Lehudib's Crystal Sp  Conj/Erth      32%        10d8      50%         8
j - Freezing Cloud        Conj/Ice/Air   18%        6-21      12%         5
k - Swiftness             Air            20%        N/A       22%         3

Your spell library contained the following spells:

 Spells                   Type           Power      Damage    Failure   Level
 Orb of Destruction       Conj           32%        9d10      11%         7
 Sandblast                Erth           100%       2d20      1%          1
 Shock                    Conj/Air       100%       1d9       1%          1
 Stone Arrow              Conj/Erth      100%       3d13      1%          3
 Hailstorm                Conj/Ice       44%        3d10      1%          4
 Freeze                   Ice            60%        1d8       3%          1
 Animate Armour           Summ/Erth      90%        N/A       6%          4
 Leda's Liquefaction      Hex/Erth       22%        N/A       6%          4
 Beastly Appendage        Tmut           42%        N/A       7%          1
 Inner Flame              Hex/Fire       16%        N/A       9%          3
 Frozen Ramparts          Ice            30%        1d5       10%         3
 Wereblood                Tmut           21%        N/A       11%         2
 Slow                     Hex            60%        N/A       12%         1
 Lesser Beckoning         Tloc           22%        N/A       19%         3
 Airstrike                Air            10%        2d(2-18)  19%         4
 Spider Form              Tmut/Pois      20%        N/A       22%         3
 Portal Projectile        Hex/Tloc       38%        N/A       26%         3
 Call Canine Familiar     Summ           15%        N/A       34%         3
 Confusing Touch          Hex            15%        N/A       34%         3
 Ozocubu's Armour         Ice            15%        N/A       34%         3
 Vampiric Draining        Necr           15%        2d7       34%         3
 Corpse Rot               Necr/Pois/Air  18%        N/A       65%         4
 Summon Lightning Spire   Summ/Air       18%        N/A       67%         4
 Animate Dead             Necr           15%        N/A       75%         4
 Cause Fear               Hex            7%         N/A       75%         4
 Irradiate                Conj/Tmut      23%        3d19      4%          5
 Borgnjor's Vile Clutch   Necr/Erth      22%        N/A       17%         5
 Yara's Violent Unravell  Hex/Tmut       9%         3d6       50%         5
 Manifold Assault         Tloc           22%        N/A       86%         5
 Blade Hands              Tmut           10%        N/A       88%         5
 Alistair's Intoxication  Tmut/Pois      13%        N/A       89%         5
 Eringya's Noxious Bog    Tmut/Pois      10%        N/A       92%         6
 Metabolic Englaciation   Hex/Ice        7%         N/A       97%         5
 Death Channel            Necr           7%         N/A       100%        6
 Simulacrum               Ice/Necr       7%         N/A       100%        6
 Dragon Form              Tmut           10%        N/A       100%        7
 Enfeeble                 Hex            7%         N/A       100%        7
 Ozocubu's Refrigeration  Ice            7%         4d9       100%        7
 Storm Form               Tmut/Air       10%        N/A       100%        7
 Discord                  Hex            7%         N/A       100%        8
 Maxwell's Capacitive Co  Air            10%        ∞         100%        8


Dungeon Overview and Level Annotations

Branches:
Dungeon (15/15)            Temple (0/1) D:7            Lair (5/5) D:10
  Swamp (4/4) Lair:2        Snake (0/4) Lair:3        Slime (0/5) Lair:5
    Orc (2/2) D:12            Elf (1/3) Orc:2        Vaults (0/5) D:13
 Depths (0/4) D:15          Sewer (visited)          Bailey (visited)
  IceCv (visited)         Gauntlet (visited)

Altars:
Fedhas
Gozag
Nemelex Xobeh
Okawaru
Qazlal
Ru
Vehumet
Wu Jian
Jiyva

Shops:
D:1 [   D:6 *   D:12 *   Orc:2 =!:!

Annotations:
D:8 4 runed translucent doors
D:15 3 runed translucent doors


Innate Abilities, Weirdness & Mutations

You are completely covered in icy blue scales. (AC +4, rC+)
You sometimes emit foul miasma when damaged in melee.
You regenerate health from kills.
Your touch may irresistibly damage your foes and sap their willpower.
You sometimes lose your temper in combat.
Your system is resistant to poisons. (rPois)


Message History

You feel your power returning.
The wave splashes down.
The spriggan rider completely misses you.
Unknown command.
The will-o-the-wisp gestures.
The will-o-the-wisp conjures some foxfire!
The spriggan rider hits you but does no damage. 2 foxfires come into view.
Unknown command.
The foxfire hits you!
The foxfire is struck by lightning.
The foxfire hits you.
The spriggan rider hits you but does no damage.
The spriggan rider hits you with a +0 spear.
The will-o-the-wisp attacks as you move away!
You block the will-o-the-wisp's attack.
The will-o-the-wisp gestures.
The will-o-the-wisp conjures some foxfire!
The spriggan rider completely misses you.
The spriggan rider hits you from afar with a +0 spear!!
* * * LOW HITPOINT WARNING * * *
2 foxfires come into view.
There is a stone staircase leading down, spattered with blood here.
The foxfire hits you!
* * * LOW HITPOINT WARNING * * *
The foxfire hits you!
* * * LOW HITPOINT WARNING * * *
The will-o-the-wisp gestures.
The will-o-the-wisp conjures some foxfire!
The spriggan rider barely misses you.
You climb downwards.
There is a stone staircase leading up here.
You are confused.
You feel invigorated.
The will-o-the-wisp gestures.
The will-o-the-wisp conjures some foxfire! 2 foxfires come into view.
You hit the will-o-the-wisp.
The will-o-the-wisp is lightly damaged.
The foxfire hits you!
* * * LOW HITPOINT WARNING * * *
The foxfire hits you!!
You die...

♣♣♣♣
♣.@♣♣♣♣♣
♣♣~vv~~.♣.
♣.~§§~~....
♣†~~~~.♣...
♣♣~~~~~♣ .~
♣~~~~~♣
♣.~~~~♣
♣♣.~~~~~
.§~~~..


You could see a will-o-the-wisp.

Vanquished Creatures
  Bai Suzhen (Swamp:3)
  Mlioglotl (Swamp:3)
  Gastronok (Lair:3)
  Kirke (D:15)
  An orc warlord (Orc:2)
  A reaper (IceCv)
  4 eleionomae
  A dire elephant (Lair:5)
  3 bunyips
  A minotaur (Gauntlet)
  Snorg (Lair:4)
  An ettin (Orc:2)
  A shambling mangrove (Swamp:2)
  Josephine (D:12)
  Harold (D:9)
  16 hydras
  5 catoblepae
  4 boulder beetles
  2 ogre magi
  4 death knights (D:11)
  6 centaur warriors
  2 tengu warriors
  19 two-headed ogres
  8 alligators
  A deep troll shaman (Lair:5)
  10 death yaks (Lair:5)
  4 orc high priests (Orc:2)
  7 spriggans
  2 skeletal warriors (D:15)
  A spark wasp zombie (D:15)
  2 goliath frogs
  A spriggan druid (Swamp:1)
  5 swamp dragons
  Pikel (D:9)
  5 orc knights
  An orange crystal statue (D:15)
  A swamp dragon (shapeshifter) (D:14)
  3 deep elf pyromancers
  A necromancer (D:15)
  A phantasmal warrior (D:15)
  A lindwurm (Lair:5)
  An oklob plant (Lair:4)
  6 orc sorcerers
  A wizard (D:14)
  3 cyclopes
  8 ugly things
  A frost giant zombie (D:15)
  7 elephants
  A stone giant skeleton (D:15)
  A gargoyle (D:12)
  2 ice statues (IceCv)
  2 freezing wraiths (D:11)
  An unseen horror (shapeshifter) (D:13)
  2 unseen horrors
  7 cane toads
  An anaconda simulacrum (IceCv)
  A kobold demonologist (D:11)
  2 rime drakes
  4 komodo dragons
  3 tengu conjurers
  6 ice devils (IceCv)
  A meliai (shapeshifter) (D:14)
  3 meliai (D:14)
  A queen bee (shapeshifter) (D:14)
  7 tyrant leeches
  11 trolls
  Grinder (D:6)
  2 polar bears
  11 slime creatures
  6 hornets
  14 blink frogs (Lair:5)
  A blink frog (shapeshifter) (D:13)
  5 dream sheep (Lair:5)
  3 centaur simulacra (Gauntlet)
  8 wyverns
  Sigmund (D:4)
  A shadow (D:12)
  7 wraiths
  A water elemental (Elf:1)
  48 yaks
  5 dire elephant simulacra (IceCv)
  A steam dragon (Lair:1)
  2 vampires
  A chaos spawn (Gauntlet)
  A death yak simulacrum (IceCv)
  A hog (D:15)
  9 basilisks
  A neqoxec (Gauntlet)
  Menkaure (D:4)
  3 harpy simulacra (IceCv)
  5 vampire mosquitoes
  4 nagas (Lair:3)
  6 swamp worms
  3 wargs
  A hydra simulacrum (IceCv)
  A human zombie (D:15)
  An acid dragon (D:11)
  12 water moccasins
  Duvessa (D:5)
  A swamp drake (Swamp:1)
  41 orc warriors
  Pargi (Sewer)
  4 black bears
  A sky beast (D:7)
  16 ogres
  22 centaurs
  21 wolves
  3 phantoms
  4 lemures (D:9)
  8 kobold brigands (Bailey)
  11 bullfrogs
  A gnoll sergeant (Orc:2)
  A necrophage (D:5)
  2 scorpions
  4 wights (D:10)
  Dowan (D:5)
  3 killer bees (D:8)
  9 howler monkeys
  2 vampire bats (D:11)
  An electric eel (D:10)
  A wyvern simulacrum (Gauntlet)
  3 jellies
  32 orc priests
  4 hounds
  9 iguanas
  24 orc wizards
  A spriggan simulacrum (IceCv)
  2 troll simulacra (IceCv)
  2 naga simulacra (IceCv)
  7 adders
  A shadow imp (Gauntlet)
  A white imp (D:6)
  An ufetubus (D:4)
  2 worms
  95 orcs
  2 ball pythons
  8 endoplasms
  6 giant cockroaches
  19 goblins
  5 hobgoblins
  24 kobolds
  3 quokkas
  12 bats
  2 frilled lizards
  11 rats
818 creatures vanquished.

Vanquished Creatures (others)
  A human (D:15)
  5 foxfires
  22 fungi
  15 plants
  16 withered plants
59 creatures vanquished.

Grand Total: 877 creatures vanquished

Notes
Turn   | Place    | Note
-------+----------+-------------------------------------------
     0 | D:1      | DemonSlayer the Demonspawn Earth Elementalist began the
                  | quest for the Orb.
     0 | D:1      | Reached XP level 1. HP: 13/13 MP: 3/3
   238 | D:1      | Found Vyvaveli's Armour Emporium.
   541 | D:1      | Gained mutation: You regenerate a little health from kills.
                  | [demonic ancestry]
   541 | D:1      | Reached XP level 2. HP: 19/19 MP: 3/5
   957 | D:1      | Found a faded altar of an unknown god.
  1428 | D:2      | Reached XP level 3. HP: 24/24 MP: 2/6
  2182 | D:2      | Gained mutation: You may rarely emit foul miasma when
                  | damaged in melee. [demonic ancestry]
  2182 | D:2      | Reached XP level 4. HP: 30/30 MP: 4/7
  2479 | D:3      | Found an iron altar of Okawaru.
  2994 | D:3      | Noticed a black bear
  3000 | D:3      | Killed a black bear
  3001 | D:3      | Reached XP level 5. HP: 15/35 MP: 3/10
  3539 | D:3      | Learned a level 3 spell: Stone Arrow
  3542 | D:3      | Learned a level 2 spell: Blink
  3546 | D:3      | Learned a level 3 spell: Ignite Poison
  3550 | D:3      | Identified a scroll of acquirement
  3550 | D:3      | Acquired a +0 cloak of preservation
  3945 | D:4      | Noticed a phantom
  3951 | D:4      | Killed a phantom
  3952 | D:4      | Reached XP level 6. HP: 35/42 MP: 5/11
  3970 | D:4      | Found a glowing drain.
  4090 | Sewer    | Entered a sewer
  4197 | Sewer    | Noticed Pargi
  4200 | Sewer    | Killed Pargi
  4408 | D:4      | Found an opulent altar of Gozag.
  4416 | D:4      | Identified the +7 long sword "Quwuli" {flame, rPois Int+6
                  | Dex-5}
  4531 | D:4      | Learned a level 3 spell: Mephitic Cloud
  4968 | D:4      | Noticed Sigmund
  4981 | D:4      | Gained mutation: You sometimes emit foul miasma when
                  | damaged in melee. [demonic ancestry]
  4981 | D:4      | Reached XP level 7. HP: 29/47 MP: 11/13
  4987 | D:4      | Killed Sigmund
  4988 | D:4      | Reached skill level 1 in Fighting
  4988 | D:4      | Reached skill level 1 in Maces & Flails
  4988 | D:4      | Reached skill level 5 in Spellcasting
  4988 | D:4      | Reached skill level 5 in Earth Magic
  4993 | D:5      | Entered Level 5 of the Dungeon
  5392 | D:4      | Noticed Menkaure
  5396 | D:4      | Killed Menkaure
  5558 | D:4      | Learned a level 4 spell: Petrify
  5615 | D:4      | Reached skill level 1 in Conjurations
  5853 | D:5      | Gained mutation: You are partially covered in icy blue
                  | scales. (AC +2) [demonic ancestry]
  5853 | D:5      | Reached XP level 8. HP: 41/54 MP: 0/16
  5975 | D:5      | Found an ornate altar of the Wu Jian Council.
  6187 | D:5      | Noticed Duvessa
  6189 | D:5      | Noticed Dowan
  6197 | D:5      | Killed Duvessa
  6207 | D:5      | Killed Dowan
  6559 | D:5      | Learned a level 2 spell: Passwall
  6660 | D:6      | Reached skill level 1 in Translocations
  6693 | D:6      | Found a sacrificial altar of Ru.
  6819 | D:6      | Reached skill level 1 in Shields
  7065 | D:6      | Found Raogeciv's Overcharged Wands.
  7074 | D:6      | Gained mutation: You are mostly covered in icy blue scales.
                  | (AC +3) [demonic ancestry]
  7074 | D:6      | Reached XP level 9. HP: 56/59 MP: 12/19
  7210 | D:6      | Noticed Grinder
  7217 | D:6      | Paralysed by Grinder for 2 turns
  7219 | D:6      | Killed Grinder
  7220 | D:6      | Reached skill level 1 in Long Blades
  7360 | D:7      | Reached skill level 1 in Axes
  8201 | D:9      | Found a blossoming altar of Fedhas.
  8202 | D:9      | Noticed Pikel
  8447 | D:9      | Noticed a two-headed ogre
  8454 | D:9      | Killed a two-headed ogre
  8465 | D:9      | Paralysed by a hornet for 3 turns
  8467 | D:9      | Gained mutation: You are completely covered in icy blue
                  | scales. (AC +4, rC+) [demonic ancestry]
  8467 | D:9      | Reached XP level 10. HP: 50/70 MP: 4/22
  8953 | D:9      | Killed Pikel
  9258 | D:9      | Reached skill level 5 in Conjurations
  9440 | D:9      | Noticed Harold
  9449 | D:9      | Killed Harold
 10114 | D:9      | Noticed a two-headed ogre
 10120 | D:9      | Killed a two-headed ogre
 10121 | D:9      | Reached skill level 1 in Transmutations
 10121 | D:9      | Gained mutation: You regenerate health from kills. [demonic
                  | ancestry]
 10121 | D:9      | Reached XP level 11. HP: 66/75 MP: 2/23
 10249 | D:9      | Found a radiant altar of Vehumet.
 10255 | D:9      | Became a worshipper of Vehumet
 10343 | D:8      | Found a huge runed translucent gate.
 10343 | D:8      | Found a huge runed translucent gate.
 10343 | D:8      | Found a huge runed translucent gate.
 10344 | D:8      | Found a huge runed translucent gate.
 10530 | D:8      | Noticed a two-headed ogre
 10535 | D:8      | Killed a two-headed ogre
 10606 | D:8      | Found a sparkling altar of Nemelex Xobeh.
 11054 | D:7      | Found a staircase to the Ecumenical Temple.
 11073 | D:7      | Reached * piety under Vehumet
 11073 | D:7      | Offered knowledge of Shock by Vehumet.
 11534 | D:7      | Learned a level 4 spell: Dispel Undead
 11891 | D:1      | Bought a +2 kite shield of reflection for 185 gold pieces
 12101 | D:10     | Entered Level 10 of the Dungeon
 12114 | D:10     | Noticed a two-headed ogre
 12127 | D:10     | Killed a two-headed ogre
 12328 | D:10     | Noticed a two-headed ogre
 12335 | D:10     | Killed a two-headed ogre
 12336 | D:10     | Reached skill level 5 in Long Blades
 12353 | D:10     | Reached skill level 1 in Armour
 12358 | D:10     | Found a flagged portal.
 12369 | Bailey   | Entered a bailey
 12548 | Bailey   | Reached ** piety under Vehumet
 12548 | Bailey   | Offered knowledge of Scorch by Vehumet.
 12604 | Bailey   | Found an iron altar of Okawaru.
 12774 | D:10     | Found a staircase to the Lair.
 12964 | D:10     | You fall into a shaft and drop 3 floors!
 12993 | D:13     | Noticed a tengu warrior
 13000 | D:13     | Killed a tengu warrior
 13001 | D:13     | Reached skill level 10 in Spellcasting
 13001 | D:13     | Reached XP level 12. HP: 68/83 MP: 7/26
 13073 | D:13     | Noticed an eight-headed hydra
 13082 | D:13     | Killed an eight-headed hydra
 13083 | D:13     | Reached skill level 10 in Earth Magic
 13339 | D:13     | Noticed a seven-headed hydra
 13344 | D:13     | Killed a seven-headed hydra
 13344 | D:13     | Offered knowledge of Static Discharge by Vehumet.
 13680 | D:13     | Noticed a two-headed ogre
 13681 | D:13     | Noticed a two-headed ogre
 13685 | D:13     | Noticed an ogre mage
 13686 | D:13     | Killed a two-headed ogre
 13690 | D:13     | Killed a two-headed ogre
 13694 | D:13     | Killed an ogre mage
 13716 | D:13     | Found a gate to the Vaults.
 13828 | D:13     | Learned a level 8 spell: Lehudib's Crystal Spear
 13906 | D:12     | Found a staircase to the Orcish Mines.
 13906 | D:12     | Noticed a two-headed ogre
 13938 | D:12     | Killed a two-headed ogre
 13938 | D:12     | Reached *** piety under Vehumet
 14040 | D:12     | Noticed Josephine
 14047 | D:12     | Killed Josephine
 14144 | D:12     | Found a stormy altar of Qazlal.
 14361 | D:12     | Found Releop's Assorted Antiques.
 14370 | D:12     | Bought a scroll of teleportation for 69 gold pieces
 14370 | D:12     | Bought a scroll of teleportation for 69 gold pieces
 14517 | D:12     | Noticed a boulder beetle
 14545 | D:12     | Killed a boulder beetle
 14545 | D:12     | Offered knowledge of Sticky Flame by Vehumet.
 14600 | D:12     | Reached skill level 5 in Stealth
 15092 | D:11     | Noticed a seven-headed hydra
 15098 | D:11     | Killed a seven-headed hydra
 15099 | D:11     | Gained mutation: Your touch may inflict minor irresistible
                  | damage on your foes. [demonic ancestry]
 15099 | D:11     | Reached XP level 13. HP: 67/89 MP: 20/28
 15257 | D:11     | Reached **** piety under Vehumet
 15932 | D:11     | Reached skill level 5 in Dodging
 17654 | D:10     | Reached skill level 1 in Air Magic
 17694 | D:10     | Identified the +9 arbalest of Untruth {vorpal, rC+}
 18045 | Lair:1   | Entered Level 1 of the Lair of Beasts
 18218 | Lair:1   | Reached skill level 1 in Throwing
 19331 | Lair:2   | Found a staircase to the Swamp.
 19340 | Lair:2   | Offered knowledge of Iskenderun's Battlesphere by Vehumet.
 19555 | Lair:2   | Learned a level 5 spell: Freezing Cloud
 19649 | Lair:3   | Found a staircase to the Snake Pit.
 19710 | Lair:3   | Found a frozen archway.
 19720 | IceCv    | Entered an ice cave
 20182 | IceCv    | Reached skill level 10 in Conjurations
 20231 | IceCv    | Noticed a reaper
 20240 | IceCv    | Killed a reaper
 20541 | Lair:3   | Noticed Gastronok
 20555 | Lair:3   | Killed Gastronok
 21284 | Lair:4   | Noticed Snorg
 21303 | Lair:4   | Killed Snorg
 21304 | Lair:4   | Reached skill level 1 in Evocations
 21340 | Lair:4   | Gained mutation: Your touch may inflict irresistible damage
                  | on your foes. [demonic ancestry]
 21340 | Lair:4   | Reached XP level 14. HP: 80/96 MP: 5/30
 21492 | Lair:4   | Reached skill level 5 in Shields
 21795 | Lair:4   | Reached ***** piety under Vehumet
 21795 | Lair:4   | Offered knowledge of Lee's Rapid Deconstruction by Vehumet.
 22411 | Lair:4   | Learned a level 3 spell: Swiftness
 22418 | Lair:5   | Entered Level 5 of the Lair of Beasts
 22512 | Lair:5   | Reached skill level 1 in Poison Magic
 22790 | Lair:5   | Found a staircase to the Slime Pits.
 22790 | Lair:5   | Found a viscous altar of Jiyva.
 23558 | Lair:5   | Offered knowledge of Fireball by Vehumet.
 23700 | Lair:5   | Reached skill level 5 in Fighting
 24259 | Orc:1    | Entered Level 1 of the Orcish Mines
 24635 | Orc:2    | Entered Level 2 of the Orcish Mines
 24640 | Orc:2    | Gained mutation: Your touch may irresistibly damage your
                  | foes and sap their willpower. [demonic ancestry]
 24640 | Orc:2    | Reached XP level 15. HP: 103/103 MP: 26/32
 25032 | Orc:2    | Found Hasim's Book Boutique.
 25043 | Orc:2    | Found Potebran's Distillery.
 25093 | Orc:2    | Bought a potion of heal wounds for 90 gold pieces
 25415 | Orc:2    | Noticed an orc warlord
 25433 | Orc:2    | Killed an orc warlord
 25452 | Orc:2    | Offered knowledge of Conjure Ball Lightning by Vehumet.
 25948 | Orc:2    | Found a staircase to the Elven Halls.
 26203 | Orc:2    | Found Gocluth's Distillery.
 26248 | Orc:2    | Bought a potion of mutation for 128 gold pieces
 26304 | Orc:2    | Found Heonad's Jewellery Shoppe.
 26696 | Orc:1    | Offered knowledge of Starburst by Vehumet.
 29459 | D:14     | Found a gate leading to a gauntlet.
 29468 | Gauntlet | Entered a Gauntlet
 29468 | Gauntlet | Found a transporter.
 29468 | Gauntlet | Found a transporter.
 29468 | Gauntlet | Found a transporter.
 29469 | Gauntlet | Found a transporter.
 29473 | Gauntlet | Found a transporter.
 29474 | Gauntlet | Found a large runed translucent door.
 29475 | Gauntlet | Found a large runed translucent door.
 29476 | Gauntlet | Found a large runed translucent door.
 29476 | Gauntlet | Found a large runed translucent door.
 29476 | Gauntlet | Found a runed translucent door.
 29476 | Gauntlet | Found a runed translucent door.
 29477 | Gauntlet | Found a large runed translucent door.
 29477 | Gauntlet | Found a large runed translucent door.
 29477 | Gauntlet | Found a large runed translucent door.
 29477 | Gauntlet | Found a large runed translucent door.
 29478 | Gauntlet | Found a large runed translucent door.
 29478 | Gauntlet | Found a large runed translucent door.
 29479 | Gauntlet | Found a large runed translucent door.
 29479 | Gauntlet | Found a large runed translucent door.
 29480 | Gauntlet | Found a runed translucent gate.
 29480 | Gauntlet | Found a runed translucent gate.
 29480 | Gauntlet | Found a runed translucent gate.
 29482 | Gauntlet | Found a transporter.
 29493 | Gauntlet | Found a large runed translucent door.
 29494 | Gauntlet | Found a large runed translucent door.
 29503 | Gauntlet | Found a large runed translucent door.
 29503 | Gauntlet | Found a large runed translucent door.
 29548 | Gauntlet | Found a transporter.
 29558 | Gauntlet | Found a transporter.
 29573 | Gauntlet | Found a transporter.
 29583 | Gauntlet | Found the ring of the Hare {EV+8}
 29587 | Gauntlet | Found a transporter.
 29598 | Gauntlet | Found a transporter.
 29604 | Gauntlet | Found a transporter.
 29958 | Gauntlet | Gained mutation: You are clumsy. (Dex -2) [a neqoxec]
 29961 | Gauntlet | Gained mutation: You have an increased reservoir of magic.
                  | (+10% MP) [a neqoxec]
 30005 | Gauntlet | Identified the +11 demon blade of True Grit {venom, rPois
                  | Int+4}
 30333 | D:14     | Lost mutation: You are clumsy. (Dex -2) [potion of
                  | mutation]
 30333 | D:14     | Lost mutation: You have an increased reservoir of magic.
                  | (+10% MP) [potion of mutation]
 30333 | D:14     | Gained mutation: You sometimes lose your temper in combat.
                  | [potion of mutation]
 30333 | D:14     | Gained mutation: Your system is resistant to poisons.
                  | (rPois) [potion of mutation]
 31011 | D:15     | Entered Level 15 of the Dungeon
 31011 | D:15     | Found a staircase to the Depths.
 31350 | D:15     | Noticed Kirke
 31361 | D:15     | Killed Kirke
 31456 | D:15     | Offered knowledge of Iron Shot by Vehumet.
 31539 | D:15     | Reached XP level 16. HP: 110/110 MP: 28/34
 31662 | D:15     | Found a runed translucent door.
 32087 | D:15     | Found a runed translucent door.
 32101 | D:15     | Found a runed translucent door.
 32109 | D:15     | Identified the +6 falchion of Ninioseo {protect, rC+ MP+9}
 32171 | D:15     | Found a runed translucent door.
 32281 | D:15     | Learned a level 6 spell: Iron Shot
 32443 | Elf:1    | Entered Level 1 of the Elven Halls
 33136 | Swamp:1  | Entered Level 1 of the Swamp
 33924 | Swamp:1  | Identified the +1 chain mail "Xerom" {rElec Regen+}
 34637 | Swamp:2  | Offered knowledge of Orb of Destruction by Vehumet.
 34745 | Swamp:2  | Reached ****** piety under Vehumet
 35036 | Swamp:3  | Noticed Bai Suzhen
 35045 | Swamp:3  | Noticed Mlioglotl
 35070 | Swamp:4  | Entered Level 4 of the Swamp
 35129 | Swamp:3  | Killed Mlioglotl
 35186 | Swamp:3  | Killed Bai Suzhen
 35193 | Swamp:4  | Killed from afar by a will-o-the-wisp

Illustrated notes

Levels and vault maps discovered:
D:1:      saegor_arrival_simple_b, layout_loops_ring,
          shapermc_ecumenical_altar_mp_urbaneastern, serial_shops, shop
D:2:      layout_loops_ring
D:3:      layout_loops_corners, amcnicky_altar_gilded, zin_academy
D:4:      layout_gridville, lemuel_doored_altar, portal_sewer_entry_b,
          minmay_ogre_servants, uniq_sigmund, uniq_menkaure
D:5:      layout_rooms, nzn_wu_jian_contemplation, uniq_duvessa
D:6:      old_forge, layout_basic, mainiacjoe_overflow_concentric_impassable,
          nicolae_shop_overcharged_wands, uniq_grinder
D:7:      layout_loops_ring, minmay_temple_entry_mist,
          minmay_a_box_with_orc_wizards_in_it
D:8:      lemuel_bear_cage, layout_basic, nemelex_xobeh_ov_fountains_minmay
D:9:      minmay_razor_zed, layout_basic, mainiacjoe_overflow_alcove_4,
          fedhas_ov_isle_minmay, uniq_pikel, uniq_harold
D:10:     layout_irregular_city, erik_lair_island, enter_bailey_6
D:11:     cheibrodos_tormentor_scu, layout_grid_maze, roderic_batcave
D:12:     layout_stronghold, david_orc_2, serial_shops,
          nicolae_shop_overgrown_old_shop, nicolae_qazlal_eye_of_the_storm,
          uniq_josephine
D:13:     layout_long_grid, david_vaults_2, grunt_ministairs_10,
          minmay_splitting_lines
D:14:     layout_loops_ring, nicolae_kite_square_tiling_tiny,
          gauntlet_entry_generic, minmay_quadrilaterals
D:15:     gammafunk_depths_entry_grave, layout_loops_ring, minmay_fountain_box,
          minmay_statue_crystal_thing, uniq_kirke
Lair:1:   layout_chaotic_city, lemuel_centaur_altar
Lair:2:   layout_loops_ring, minmay_swamp_entry_worms, bh_autumn_forest_stairs
Lair:3:   layout_layer_cave, minmay_snake_entry_guardpost_small,
          portal_ice_cave_entry_pillars_2, uniq_gastronok
Lair:4:   layout_cave_pods, uniq_snorg
Lair:5:   grunt_lair_end_beastmaster, layout_cave_pods, slime_entry_1,
          chequers_serial_rivers_room_b, minivault_19, st_stairs_13,
          nicolae_lair_grove_arrangements
Swamp:1:  layout_falls_marsh, hangedman_swamp_blocks
Swamp:2:  layout_basic_swamp, evilmike_swamp_ruin_house_1
Swamp:3:  layout_falls_marsh, hangedman_swamp_cone, uniq_bai_suzhen,
          uniq_nikola, uniq_mlioglotl
Swamp:4:  grunt_swamp_rune_castle, layout_basic_swamp, swamp_pool5,
          infiniplex_staircase_pool
Orc:1:    layout_caves
Orc:2:    pubby_orc_utopia
Elf:1:    elf_arrival_002, layout_geoelf_grid, hangedman_corner_corridor,
          st_stairs_11

Skill      XL: |  1  2  3  4  5  6  7  8  9 10 11 12 13 14 15 16 |
---------------+-------------------------------------------------+-----
Earth Magic    | 3 4 5 6 7 8 9 10 11 12 13 14 | 14.3
Stealth        | 2 3 4 5 |  5.7
Spellcasting   | 3 4 5 7 8 10 11 12 13 14 | 14.7
Dodging        | 2 3 4 5 6 7 |  7.4
Fighting       | 1 3 4 5 |  5.8
Maces & Flails | 1 |  1.1
Conjurations   | 1 3 4 6 7 8 10 11 12 13 | 13.6
Translocations | 1 |  1.7
Shields        | 1 2 3 4 6 7 |  7.6
Long Blades    | 3 4 5 6 7 |  7.2
Axes           | 1 |  1.2
Transmutations | 1 |  1.3
Armour         | 1 2 3 4 |  4.4
Air Magic      | 1 |  1.2
Throwing       | 1 2 |  2.1
Evocations     | 1 |  1.3
Poison Magic   | 1 |  1.1
Fire Magic     | |  0.3

Action                   |  1- 3 |  4- 6 |  7- 9 | 10-12 | 13-15 | 16-18 || total
-------------------------+-------+-------+-------+-------+-------+-------++-------
Melee: Unarmed           |     5 |       |       |       |       |       ||     5
       Whip              |    14 |    40 |       |       |       |       ||    54
       Hand axe          |    11 |       |    12 |       |       |       ||    23
       Long sword        |       |       |    43 |   125 |   169 |       ||   337
       Demon blade       |       |       |       |       |    65 |    85 ||   150
Throw: Throwing net      |       |       |       |     2 |     4 |     2 ||     8
       Dart              |       |       |       |     1 |    23 |     4 ||    28
       Boomerang         |       |       |       |       |       |     1 ||     1
 Cast: Sandblast         |    47 |    65 |     2 |       |       |       ||   114
       Stone Arrow       |       |     5 |   110 |   357 |  1029 |    45 ||  1546
       Blink             |       |     1 |     4 |       |     7 |     6 ||    18
       Mephitic Cloud    |       |     1 |     1 |     3 |     8 |       ||    13
       Ignite Poison     |       |       |       |     1 |     6 |       ||     7
       Petrify           |       |       |       |     2 |     2 |       ||     4
       Iron Shot         |       |       |       |       |       |   134 ||   134
Evoke: Wand              |       |       |       |       |    15 |    11 ||    26
       Phantom mirror    |       |       |       |       |       |     1 ||     1
       Condenser vane    |       |       |       |       |       |     1 ||     1
  Use: Scroll            |       |    15 |     3 |    12 |    29 |     5 ||    64
       Potion            |       |     1 |     3 |     2 |    12 |     9 ||    27
 Stab: Sleeping          |     2 |     4 |     4 |       |     2 |     1 ||    13
       Petrified         |       |       |       |     6 |     1 |       ||     7
Armor: Robe              |    10 |    13 |    27 |    30 |       |       ||    80
       Troll leather arm |       |       |       |    77 |   291 |    50 ||   418
Dodge: Dodged            |    34 |    37 |    62 |   180 |   482 |   116 ||   911
Block: Buckler           |     2 |    15 |    21 |    14 |       |       ||    52
       Kite shield       |       |       |       |   151 |   632 |   127 ||   910
       Reflection        |       |       |       |     6 |    40 |     6 ||    52
